 Dungeon Crawl Stone Soup version 0.30-a0-1070-gd49b78fada (webtiles) character file.

Game seed: 369829457899877350

11 DryNick the Shooter (level 2, 25/25 HPs)
             Began as a Minotaur Hunter on Apr 13, 2023.
             Quit the game on level 1 of the Dungeon.
             The game lasted 00:00:52 (94 turns).

DryNick the Shooter (Minotaur Hunter)                 Turns: 94, Time: 00:00:52

Health: 25/25      AC:  3    Str: 15    XL:     2   Next: 17%
Magic:  1/1        EV: 12    Int:  6    God:
Gold:   45         SH:  0    Dex: 13    Spells: 1/1 levels left

rFire   . . .      SeeInvis .    a - +0 shortbow
rCold   . . .      Faith    .    (shield currently unavailable)
rNeg    . . .      Spirit   .    c - +0 leather armour
rPois   .          Reflect  .    (helmet restricted)
rElec   .          Rampage  .    (no cloak)
rCorr   .                        (no gloves)
Will    .....                    (no boots)
Stlth   +                        (no amulet)
HPRegen 0.24/turn                (no ring)
MPRegen 0.07/turn                (no ring)

@: no status effects
A: horns 2, retaliatory headbutt
a: no special abilities


You were on level 1 of the Dungeon.
You visited 1 branch of the dungeon, and saw 1 of its levels.

You collected 45 gold pieces.

Inventory:

Hand Weapons
 a - a +0 shortbow (weapon)
Armour
 c - a +0 leather armour (worn)
Scrolls
 b - 2 scrolls of immolation
 e - a scroll of brand weapon {unknown}
Potions
 d - a potion of curing {unknown}
 f - 2 potions of flight {unknown}


   Skills:
 + Level 2.7 Fighting
 + Level 4.5 Ranged Weapons
 + Level 2.5 Dodging
 + Level 1.1 Stealth


You had one spell level left.
You didn't know any spells.
Your spell library was empty.

Dungeon Overview and Level Annotations

Branches:
Dungeon (1/15)

Altars:


Innate Abilities, Weirdness & Mutations

You have a pair of horns on your head.
You reflexively headbutt those who attack you in melee.


Message History

There are monsters nearby!
You shoot an arrow. The arrow closely misses the goblin.
You shoot an arrow. The arrow hits the goblin!
You kill the goblin!
You have reached level 2!
You shoot an arrow. The arrow hits the rat.
The rat is moderately wounded.
You shoot an arrow. The arrow hits the rat.
You kill the rat!
No target in view!
No target in view!
No target in view!
A bat comes into view.
Found 18 gold pieces.
A bat is nearby!
You shoot an arrow. The arrow misses the bat.
The bat closely misses you.
You shoot an arrow. The arrow hits the bat!
You kill the bat!
No target in view!
No target in view!
Found a stone staircase leading down.
You now have 45 gold pieces (gained 18).
Found 4 stones.
f - 2 metallic coppery potions No target in view!
No target in view!
A goblin comes into view. It is wielding a +0 club.
A goblin is nearby!
The goblin shouts!
b - 2 scrolls of immolation (gained 1)
You shoot an arrow. The arrow hits the goblin.
You kill the goblin!
No target in view!
No target in view!
No target in view!
Unknown command.
Saving game... please wait.
Welcome back, DryNick the Minotaur Hunter.
Press ? for a list of commands and other information.
Are you sure you want to abandon this character and quit the game? (Confirm with "yes".)

... ##.# # ...# # ##...
###.##....# ...##
#.......... ... ..
..........#.# #.# ###..
[.#)....#.#.# ##@###....
............ ##....)....
..........## #...##..###
...........###.#.....#
.....#..#..#.#.#.#.#.#.#.
..##.#.....>.............
.###.......#.#.#.#.#.#.#(
.# ###..##.............
.# #..##.#.#.#.#.#.#.#


There were no monsters in sight!

Vanquished Creatures
  2 bats (D:1)
  2 endoplasms (D:1)
  3 goblins (D:1)
  A kobold (D:1)
  A rat (D:1)
9 creatures vanquished.

Notes
Turn   | Place    | Note
-------+----------+-------------------------------------------
     0 | D:1      | DryNick the Minotaur Hunter began the quest for the Orb.
     0 | D:1      | Reached XP level 1. HP: 18/18 MP: 0/0
    41 | D:1      | Reached skill level 1 in Stealth
    50 | D:1      | Found a faded altar of an unknown god.
    62 | D:1      | Reached XP level 2. HP: 25/25 MP: 1/1
    94 | D:1      | Quit the game

Illustrated notes

Levels and vault maps discovered:
D:1:      eino_arrival_druids_welcome, layout_basic,
          ebering_ecumenical_altar_sacrificial, st_stairs_12

Skill      XL: |  1 |
---------------+----+-----
Stealth        | 1 |  1.1
Fighting       | |  2.7
Ranged Weapons | |  4.5
Dodging        | |  2.5

Action                     || total
---------------------------++-------
   Fire: Shortbow          ||    15
 Armour: Leather armour    ||     1
  Dodge: Dodged            ||     2

Table legend: (Time is in decaauts)
 A = Elapsed time spent in this place.
 B = Non-inter-level travel time spent in this place.
 C = Inter-level travel time spent in this place.
 D = Time resting spent in this place.
 E = Time spent auto-exploring this place.
 F = Levels seen in this place.
 G = Mean time per level.
                   A        B        C        D        E       F      G
               +--------+--------+--------+--------+--------+-----+--------+
         Total |     98 |     98 |      0 |      0 |     45 |   1 |   98.0 |
       Dungeon |     98 |     98 |      0 |      0 |     45 |   1 |   98.0 |
               +--------+--------+--------+--------+--------+-----+--------+

Top non-repeatable levels by time:
     D:1: 98 daAuts
